 Dungeon Crawl Stone Soup version 0.29-a0-330-g52719c12eb (webtiles) character file.

Game seed: 14402126508628032536

22395 DavidChitty2 the Severer (level 13, -5/116 HPs)
             Began as a Hill Orc Fighter on Apr 27, 2022.
             Was an Elder of Beogh.
             Slain by a tyrant leech (22 damage)
             ... on level 2 of the Lair of Beasts.
             The game lasted 00:20:39 (16352 turns).

DavidChitty2 the Severer (Hill Orc Fighter)        Turns: 16352, Time: 00:20:40

Health: -5/116     AC: 16    Str: 22    XL:     13   Next: 0%
Magic:  0/21       EV: 10    Int:  8    God:    Beogh [****..]
Gold:   769        SH:  7    Dex: 17    Spells: 12/12 levels left

rFire   . . .      SeeInvis .   a - +2 war axe (vamp)
rCold   + . .      Faith    .   c - +0 buckler
rNeg    . . .      Spirit   +   p - +5 ring mail of Fun and Games {rC+ Str-2 Dex+7 Stlth+}
rPois   +          Reflect  .   q - +1 helmet
rElec   .          Harm     .   k - scarf {repulsion}
rCorr   .          Rampage  .   f - +0 pair of gloves
Will    +....                   (no boots)
Stlth   ++........              i - amulet of guardian spirit
HPRegen 0.29/turn               E - ring of poison resistance
MPRegen 0.17/turn               v - ring of willpower

@: repel missiles
A: no striking features
a: Renounce Religion, Smiting, Recall Orcish Followers


You were on level 2 of the Lair of Beasts.
You worshipped Beogh.
Beogh was greatly pleased with you.
You visited 2 branches of the dungeon, and saw 13 of its levels.

You collected 951 gold pieces.
You spent 182 gold pieces at shops.

Inventory:

Hand Weapons
 a - a +2 vampiric war axe (weapon)
   (You bought it in a shop on level 4 of the Dungeon)
 b - a +2 whip of draining
   (You took it off a gnoll on level 6 of the Dungeon)
Armour
 c - a +0 buckler (worn)
 f - a +0 pair of gloves (worn)
   (You found it on level 1 of the Dungeon)
 h - a scarf of invisibility
   (You found it on level 1 of the Dungeon)
 k - a scarf of repulsion (worn)
   (You found it on level 9 of the Dungeon)
 p - the +5 ring mail of Fun and Games (worn) {rC+ Str-2 Dex+7 Stlth+}
   (You found it on level 3 of the Dungeon)

   Str:       It affects your strength (-2).
   Dex:       It affects your dexterity (+7).
   rC:        It protects you from cold.
   Stlth:     It makes you more stealthy.
 q - a +1 helmet (worn)
   (You took it off Robin on level 4 of the Dungeon)
Jewellery
 i - an amulet of guardian spirit (around neck)
   (You found it on level 1 of the Dungeon)
 u - a ring of flight
   (You found it on level 5 of the Dungeon)
 v - a ring of willpower (right hand)
   (You found it on level 11 of the Dungeon)
 A - a ring of positive energy
   (You found it on level 8 of the Dungeon)
 E - a ring of poison resistance (left hand)
   (You found it on level 5 of the Dungeon)
Wands
 d - a wand of iceblast (3)
   (You found it on level 10 of the Dungeon)
 r - a wand of polymorph (9)
   (You took it off Natasha on level 4 of the Dungeon)
 t - a wand of flame (29)
   (You took it off Ijyb on level 3 of the Dungeon)
 D - a wand of charming (5)
   (You found it on level 1 of the Lair of Beasts)
 Q - a wand of mindburst (20)
   (You found it on level 8 of the Dungeon)
Scrolls
 l - 3 scrolls of teleportation {@r4}
 o - 2 scrolls of immolation {!r}
 x - a scroll of fog
 y - 2 scrolls of fear
 C - a scroll of enchant armour
 G - a scroll of vulnerability {!r}
 H - a scroll of summoning
 I - a scroll of magic mapping
 K - 2 scrolls of identify {@r1}
 M - 2 scrolls of enchant weapon
Potions
 e - 2 potions of haste {@q3}
 g - 2 potions of brilliance
 j - 6 potions of flight
 m - 3 potions of curing {@q1}
 s - a potion of attraction {!q}
 w - a potion of cancellation {unknown}
 z - a potion of lignification {unknown}
 B - 3 potions of might
 F - a potion of magic {unknown}
 J - a potion of ambrosia {unknown}


   Skills:
 + Level 11.1 Fighting
 * Level 16.1 Axes
 + Level 10.3 Armour
 + Level 10.2 Shields
 + Level 11.0 Invocations
 - Level 1.2 Evocations


You had 12 spell levels left.
You didn't know any spells.
Your spell library contained the following spells:

 Spells                   Type           Power      Damage    Failure   Level
 Freeze                   Ice            0%         1d3       61%         1
 Blink                    Tloc           0%         N/A       75%         2
 Scorch                   Fire           0%         2d5       75%         2
 Frozen Ramparts          Ice            0%         1d2       93%         3
 Gell's Gravitas          Tloc           0%         N/A       93%         3
 Lesser Beckoning         Tloc           0%         N/A       93%         3
 Stone Arrow              Conj/Erth      0%         3d7       93%         3
 Teleport Other           Tloc           0%         N/A       93%         3
 Tukima's Dance           Hex            0%         N/A       93%         3
 Anguish                  Hex/Necr       0%         N/A       100%        4
 Animate Armour           Summ/Erth      0%         N/A       100%        4
 Flame Wave               Conj/Fire      0%         2d4       100%        4
 Hailstorm                Conj/Ice       0%         3d3       100%        4
 Ice Form                 Ice/Tmut       0%         N/A       100%        4
 Olgreb's Toxic Radiance  Pois           0%         N/A       100%        4
 Petrify                  Tmut/Erth      0%         N/A       100%        4
 Alistair's Intoxication  Tmut/Pois      0%         N/A       100%        5
 Borgnjor's Vile Clutch   Necr/Erth      0%         N/A       100%        5
 Manifold Assault         Tloc           0%         N/A       100%        5
 Metabolic Englaciation   Hex/Ice        0%         N/A       100%        5
 Eringya's Noxious Bog    Tmut/Pois      0%         N/A       100%        6
 Simulacrum               Ice/Necr       0%         N/A       100%        6
 Statue Form              Tmut/Erth      0%         N/A       100%        6
 Summon Cactus Giant      Summ           0%         N/A       100%        6
 Enfeeble                 Hex            0%         N/A       100%        7
 Malign Gateway           Summ/Tloc      0%         N/A       100%        7
 Ozocubu's Refrigeration  Ice            0%         4d5       100%        7
 Storm Form               Tmut/Air       0%         N/A       100%        7
 Ignition                 Fire           0%         3d3       100%        8
 Lehudib's Crystal Spear  Conj/Erth      0%         10d2      100%        8
 Summon Horrible Things   Summ           0%         N/A       100%        8


Dungeon Overview and Level Annotations

Branches:
Dungeon (11/15)            Temple (0/1) D:7            Lair (2/6) D:11
  Swamp (0/4) Lair:2        Snake (0/4) Lair:2          Orc (0/2) D:11

Altars:
Ashenzari
Gozag
Qazlal
Yredelemnul
The Shining One

Shops:
D:4 (


Message History

A killer bee comes into view.
The tyrant leech closely misses you.
The killer bee buzzes angrily.
You hit the tyrant leech.
You feel better.
You slash the swamp worm!
You feel better.
You slash the tyrant leech!
You feel better.
The tyrant leech bites you but does no damage.
The swamp worm bites you.
* * * LOW HITPOINT WARNING * * *
The swamp worm attacks as you move away!
The swamp worm bites you but does no damage.
The swamp worm fires a harpoon shot at you.
The harpoon shot misses you.
The harpoon shot hits the killer bee.
You block the killer bee's attack.
You slash the killer bee!
You kill the killer bee!
Beogh accepts your kill.
You barely miss the tyrant leech. You slash the tyrant leech!
You feel better. The tyrant leech closely misses you.
You barely miss the tyrant leech. You closely miss the tyrant leech.
You hit the tyrant leech but do no damage.
You slash the tyrant leech! The tyrant leech barely misses you.
You slash the tyrant leech! You closely miss the tyrant leech.
The tyrant leech bites you!
* * * LOW HITPOINT WARNING * * *
The tyrant leech draws strength from your injuries!
You hit the tyrant leech. You miss the tyrant leech.
The tyrant leech closely misses you.
You closely miss the tyrant leech. x2; The tyrant leech bites you!
* * * LOW HITPOINT WARNING * * *
The tyrant leech draws strength from your injuries!
You miss the tyrant leech. You slash the tyrant leech!
You feel better. The tyrant leech bites you!
* * * LOW HITPOINT WARNING * * *
The tyrant leech draws strength from your injuries!
You closely miss the tyrant leech. You slash the tyrant leech!
The tyrant leech completely misses you. You block the tyrant leech's attack.
You closely miss the tyrant leech. You completely miss the tyrant leech.
The tyrant leech bites you!!
* * * LOW HITPOINT WARNING * * *
The tyrant leech draws strength from your injuries!
You miss the tyrant leech. You slash the tyrant leech!
You kill the tyrant leech!
Beogh accepts your kill.
You have reached level 13!
Okay, then.
You hit the tyrant leech. The tyrant leech misses you.
You hit the tyrant leech.
You feel better.
You feel better. The tyrant leech bites you!!
You die...

##.....................>....
##...............#.....#..#
.............########...
..............# #....
.........♣♣♣♣♣♣ ##...
........♣♣ ♣§♣♣ #..#
........♣ §§§ P.># .#####..♣
§§♣♣ ##### #.@♣ §§§♣ ##w♣♣
§≈♣ #w.♣♣.♣ ##....# ##..##
#.### ##


You could see a tyrant leech and a swamp worm.

Vanquished Creatures
  3 hydras
  Fannar (Lair:1)
  A two-headed ogre (D:9)
  A death knight (D:11)
  A skeletal warrior (D:11)
  A cyclops (D:7)
  A phantasmal warrior (D:11)
  2 manticores (Lair:2)
  A black mamba (Lair:2)
  6 cane toads (Lair:2)
  A rime drake (Lair:2)
  2 unseen horrors (D:11)
  A komodo dragon (Lair:2)
  A kobold demonologist (D:11)
  A freezing wraith (D:11)
  3 trolls
  A tyrant leech (Lair:2)
  A hornet (D:11)
  A blink frog (Lair:2)
  Grinder (D:3)
  2 shadows
  11 yaks
  5 wraiths
  5 wyverns
  Eustachio (D:6)
  3 basilisks (Lair:2)
  4 vampire mosquitoes (D:11)
  3 steam dragons
  2 swamp worms (Lair:2)
  3 nagas (Lair:2)
  10 water moccasins
  A sky beast (D:6)
  2 orc warriors
  An ice beast (D:4)
  4 black bears
  2 ogres (D:6)
  A wolf (Lair:2)
  2 centaurs
  4 phantoms
  A kobold brigand (D:3)
  6 bullfrogs
  3 necrophages
  2 scorpions
  2 gnoll sergeants
  5 wights (D:8)
  37 killer bees
  9 howler monkeys
  A hound (D:5)
  A gnoll shaman (D:6)
  2 orc priests
  Natasha (thrice) (D:4)
  2 iguanas (D:4)
  Ijyb (D:3)
  5 orc wizards
  Robin (D:4)
  9 adders
  19 gnolls
  A river rat (Lair:2)
  A white imp (D:6)
  An ufetubus (D:5)
  3 dart slugs (D:1)
  25 orcs
  6 endoplasms
  2 giant cockroaches
  13 goblins
  12 hobgoblins
  5 jackals
  7 quokkas
  6 ball pythons
  4 bats
  5 frilled lizards
  7 kobolds
  5 rats
309 creatures vanquished.

Vanquished Creatures (others)
  2 orcs (D:3)
  13 fungi (Lair:2)
  14 plants
29 creatures vanquished.

Grand Total: 338 creatures vanquished

Notes
Turn   | Place    | Note
-------+----------+-------------------------------------------
     0 | D:1      | DavidChitty2 the Hill Orc Fighter began the quest for the
                  | Orb.
     0 | D:1      | Reached XP level 1. HP: 19/19 MP: 1/1
    23 | D:1      | Reached skill level 3 in Axes
   242 | D:1      | Reached XP level 2. HP: 27/27 MP: 2/2
   744 | D:1      | Found a faded altar of an unknown god.
   781 | D:1      | Reached XP level 3. HP: 32/33 MP: 3/3
  1284 | D:2      | You fall into a shaft and drop 1 floor!
  1495 | D:2      | Reached skill level 4 in Axes
  1715 | D:2      | Reached XP level 4. HP: 39/40 MP: 4/4
  2145 | D:3      | Noticed Ijyb
  2163 | D:3      | Killed Ijyb
  2436 | D:3      | Reached XP level 5. HP: 24/34 MP: 3/5
  2493 | D:3      | Noticed Grinder
  2603 | D:3      | Became a worshipper of Beogh the Brigand
  2802 | D:3      | Identified the +5 ring mail of Fun and Games {rC+ Str-2
                  | Dex+7 Stlth+}
  2940 | D:3      | Killed Grinder
  2941 | D:3      | Reached skill level 5 in Axes
  2941 | D:3      | Reached skill level 1 in Invocations
  2941 | D:3      | Reached XP level 6. HP: 32/55 MP: 4/7
  3192 | D:4      | Noticed Natasha
  3415 | D:3      | Reached skill level 5 in Fighting
  3425 | D:4      | Killed Natasha
  3426 | D:4      | Reached skill level 6 in Axes
  3491 | D:4      | Noticed Robin
  3501 | D:4      | Found Qesoigg's Antique Weapon Emporium.
  3511 | D:4      | Killed Robin
  3546 | D:4      | Noticed an ice beast
  3564 | D:4      | Killed an ice beast
  3565 | D:4      | Reached XP level 7. HP: 58/61 MP: 6/8
  3596 | D:4      | Reached * piety under Beogh
  3699 | D:4      | Bought a runed war axe for 182 gold pieces
  3819 | D:4      | Noticed Natasha
  3823 | D:4      | Killed Natasha
  3903 | D:4      | Found a glowing golden altar of the Shining One.
  3904 | D:4      | Found a stormy altar of Qazlal.
  4139 | D:4      | Found a broken altar of Ashenzari.
  4546 | D:4      | Found a broken altar of Ashenzari.
  4548 | D:4      | Found a stormy altar of Qazlal.
  4548 | D:4      | Found a glowing golden altar of the Shining One.
  5066 | D:4      | Found Qesoigg's Antique Weapon Emporium.
  5222 | D:4      | Noticed Natasha
  5228 | D:4      | Killed Natasha
  5244 | D:5      | Entered Level 5 of the Dungeon
  5261 | D:4      | Reached skill level 5 in Armour
  5261 | D:4      | Reached skill level 5 in Shields
  5290 | D:5      | Reached skill level 7 in Axes
  5375 | D:5      | Reached XP level 8. HP: 68/69 MP: 10/10
  5568 | D:5      | Reached skill level 8 in Axes
  5947 | D:6      | Reached skill level 5 in Invocations
  6049 | D:6      | Reached skill level 9 in Axes
  6049 | D:6      | Reached XP level 9. HP: 72/78 MP: 10/12
  6133 | D:6      | Noticed Eustachio
  6155 | D:6      | Killed Eustachio
  6503 | D:6      | Reached ** piety under Beogh
  7045 | D:7      | Reached skill level 10 in Axes
  7098 | D:7      | Noticed a cyclops
  7102 | D:7      | Killed a cyclops
  7240 | D:7      | Found a staircase to the Ecumenical Temple.
  7348 | D:7      | Found a basalt altar of Yredelemnul.
  8009 | D:8      | Reached XP level 10. HP: 88/88 MP: 12/14
  8050 | D:8      | Reached skill level 11 in Axes
  9631 | D:9      | Noticed a two-headed ogre
  9641 | D:9      | Killed a two-headed ogre
  9642 | D:9      | Reached skill level 12 in Axes
 10211 | D:9      | Reached skill level 1 in Evocations
 10613 | D:10     | Entered Level 10 of the Dungeon
 10784 | D:10     | Reached *** piety under Beogh
 10785 | D:10     | Reached XP level 11. HP: 73/95 MP: 13/17
 11290 | D:10     | Reached skill level 13 in Axes
 11726 | D:11     | Found a staircase to the Orcish Mines.
 12334 | D:11     | Noticed a phantasmal warrior
 12349 | D:11     | Killed a phantasmal warrior
 12350 | D:11     | Noticed a death knight
 12352 | D:11     | Killed a death knight
 12353 | D:11     | Noticed a skeletal warrior
 12389 | D:11     | Killed a skeletal warrior
 12390 | D:11     | Reached skill level 14 in Axes
 12734 | D:11     | Found a staircase to the Lair.
 13207 | Lair:1   | Entered Level 1 of the Lair of Beasts
 13207 | Lair:1   | Noticed a seven-headed hydra
 13216 | Lair:1   | Killed an eight-headed hydra
 13217 | Lair:1   | Reached skill level 10 in Fighting
 13444 | Lair:1   | Reached XP level 12. HP: 106/106 MP: 16/19
 13598 | Lair:1   | Noticed a seven-headed hydra
 13612 | Lair:1   | Killed a seven-headed hydra
 13894 | Lair:1   | Noticed Fannar
 13911 | Lair:1   | Killed Fannar
 14526 | Lair:2   | Reached skill level 10 in Invocations
 14711 | Lair:2   | Reached skill level 15 in Axes
 15195 | Lair:2   | Reached **** piety under Beogh
 15353 | Lair:2   | Reached skill level 10 in Armour
 15460 | Lair:2   | Reached skill level 10 in Shields
 15676 | Lair:2   | Noticed a five-headed hydra
 15677 | Lair:2   | Found an opulent altar of Gozag.
 15696 | Lair:2   | Killed a five-headed hydra
 15708 | Lair:2   | Reached skill level 16 in Axes
 15913 | Lair:2   | Found a staircase to the Snake Pit.
 16304 | Lair:2   | Found a staircase to the Swamp.
 16348 | Lair:2   | HP: 5/110 [tyrant leech (23)]
 16350 | Lair:2   | Reached XP level 13. HP: 5/116 MP: 1/21
 16352 | Lair:2   | Slain by a tyrant leech

Illustrated notes

Levels and vault maps discovered:
D:1:      minmay_arrival_open_corners, layout_basic, serial_corexii_hall,
          corexii_hall_statues_x, corexii_hall_statues_t,
          chequers_hall_statues_y, corexii_hall_statues_i,
          corexii_hall_statues_s, chequers_hall_statues_wall_a,
          hellmonk_ecumenical_altar_run_dry, nrook_mini_backslash
D:2:      layout_loops_ring
D:3:      layout_basic, st_stairs_3, uniq_grinder, uniq_ijyb
D:4:      layout_basic, ashenzari_altar_1,
          chequers_temple_overflow_statue_of_worship, serial_co_window_serial,
          co_window_paths_a, co_window_paths_a, co_window_paths_b,
          co_window_of_opportunity_a, co_window_paths_b, co_window_paths_a,
          co_window_corner_cb, co_window_corner_cb, co_window_2corner,
          co_window_2corner, co_window_unsneaky_path_e, co_window_4corner_b,
          glass_columns_a, glass_columns_a, serial_shops, shop, uniq_robin,
          uniq_natasha
D:5:      layout_cave_pools
D:6:      layout_basic, uniq_eustachio
D:7:      layout_cave_pods, nicolae_overflow_crystal_walls,
          minmay_temple_entry_large_hall, enter_bailey_5
D:8:      layout_layer_cave
D:9:      layout_basic
D:10:     layout_loops_cross, kennysheep_generic_room_2
D:11:     layout_loops_corners, lair_entry_dummy, orc_0_dummy
Lair:1:   layout_cave_pods, uniq_fannar
Lair:2:   regret_index_tunnel_blossom, layout_small_grid,
          minmay_swamp_entry_worms, minmay_snake_entry_guardpost_small,
          basic_altar, st_stairs_10, nicolae_quartered_pool_little

Skill      XL: |  1  2  3  4  5  6  7  8  9 10 11 12 |
---------------+-------------------------------------+-----
Axes           | 3 4 5 6 7 9 10 12 14 16 | 16.1
Fighting       | 4 5 6 7 8 10 11 | 11.1
Shields        | 4 5 6 7 8 9 10 | 10.2
Armour         | 4 5 6 7 8 9 10 | 10.3
Invocations    | 1 2 3 5 6 8 9 11 | 11.0
Evocations     | 1 |  1.2

Action                   |  1- 3 |  4- 6 |  7- 9 | 10-12 | 13-15 || total
-------------------------+-------+-------+-------+-------+-------++-------
Melee: War axe           |    91 |   102 |   282 |   682 |     2 ||  1159
       Whip              |       |       |       |    32 |       ||    32
Invok: Convert to Beogh  |       |     1 |       |       |       ||     1
       Smiting           |       |       |     3 |     5 |       ||     8
 Abil: Evoke Invisibilit |       |     1 |       |       |       ||     1
Evoke: Wand              |       |    13 |       |       |       ||    13
  Use: Scroll            |       |     1 |    10 |     9 |       ||    20
       Potion            |       |       |       |     6 |     1 ||     7
 Stab: Invisible         |       |     1 |       |       |       ||     1
       Sleeping          |       |       |    10 |     3 |       ||    13
       Distracted        |       |       |       |     2 |       ||     2
Armor: Scale mail        |    45 |     4 |       |       |       ||    49
       Chain mail        |       |    26 |       |       |       ||    26
       Ring mail         |       |    24 |   142 |   392 |       ||   558
Dodge: Dodged            |    35 |    49 |   121 |   343 |     1 ||   549
       Repelled          |       |       |       |     2 |       ||     2
Block: Buckler           |    19 |    25 |    76 |   271 |       ||   391

Table legend: (Time is in decaauts)
 A = Elapsed time spent in this place.
 B = Non-inter-level travel time spent in this place.
 C = Inter-level travel time spent in this place.
 D = Time resting spent in this place.
 E = Time spent auto-exploring this place.
 F = Levels seen in this place.
 G = Mean time per level.
                   A        B        C        D        E       F      G
               +--------+--------+--------+--------+--------+-----+--------+
         Total |  16345 |  15681 |    664 |   1946 |  11044 |  13 | 1257.3 |
       Dungeon |  13603 |  13023 |    580 |   1361 |   9444 |  11 | 1236.6 |
          Lair |   2742 |   2658 |     84 |    585 |   1600 |   2 | 1371.0 |
               +--------+--------+--------+--------+--------+-----+--------+

Top non-repeatable levels by time:
    D:11: 1932 daAuts
     D:4: 1901 daAuts
  Lair:2: 1587 daAuts
     D:8: 1417 daAuts
     D:3: 1396 daAuts
     D:9: 1282 daAuts
     D:6: 1211 daAuts
     D:1: 1176 daAuts
  Lair:1: 1154 daAuts
    D:10: 960 daAuts
     D:2: 894 daAuts
     D:7: 877 daAuts
     D:5: 553 daAuts
